AoeStats
← Granas

Arabia

505414304Analyzed
3v3 RM · 23d ago on Sep 9, 2026· 37m 33s· 6 players
Game mode
Random Map
Map size
Normal (6 player)
Population
200
Speed
Normal
Resources
Standard
Victory
Conquest
Starting age
Dark Age
Ending age
Imperial Age
RankedLock teamsTeams togetherTeam positionsShared explorationLock speedFull tech treeHidden civsTurbo modeCheats
Victory
Defeat
🇳🇱 Ethiopians · Netherlands
1240
+9
🇩🇪 Persians · Germany
1034
+17
🇩🇪 Franks · Germany
940
+44
🇨🇳 Mapuche · China
1111
-18
🇵🇹 Cumans · Portugal
1045
-15
🇻🇳 Gurjaras · Vietnam
999
-13
RoboticPro
6:35 Loom
11:06 Feudal Age
14:54 Double-Bit Axe
16:23 Fletching
17:22 Padded Archer Armor
17:52 Horse Collar
19:00 Town Watch
24:38 Castle Age
24:42 Crossbowman
25:27 Thumb Ring
26:14 Bodkin Arrow
29:07 Leather Archer Armor
29:16 Gold Mining
31:01 Ballistics
31:17 Bow Saw
33:05 Wheelbarrow
34:48 Heavy Plow
37:29 Gold Shaft Mining
Granas
6:06 Loom
8:56 Feudal Age
10:55 Double-Bit Axe
19:39 Scale Barding Armor
19:41 Gold Mining
21:26 Forging
22:49 Wheelbarrow
25:57 Castle Age
24:10 Padded Archer Armor
26:00 Light Cavalry
26:40 Husbandry
27:18 Chain Barding Armor
27:33 Iron Casting
30:06 Gold Shaft Mining
33:37 Hand Cart
34:30 Squires
36:52 Pikeman
kert_qt
10:15 Feudal Age
14:29 Castle Age
14:02 Double-Bit Axe
18:24 Loom
20:33 Horse Collar
23:00 Bow Saw
24:21 Wheelbarrow
25:07 Hand Cart
24:57 Heavy Plow
25:59 Gold Mining
26:04 Stone Mining
26:27 Husbandry
26:38 Bloodlines
27:35 Town Watch
28:00 Scale Barding Armor
30:44 Imperial Age
29:54 Forging
30:06 Chain Barding Armor
30:54 Scale Mail Armor
31:32 Iron Casting
30:46 Cavalier
32:09 Gold Shaft Mining
32:36 Conscription
33:15 Plate Barding Armor
34:19 Two-Man Saw
33:53 Crop Rotation
33:13 Savar
35:46 Blast Furnace
34:40 Fletching
joia-numerica6
5:59 Loom
10:50 Feudal Age
11:28 Double-Bit Axe
23:52 Castle Age
23:25 Fletching
24:03 Horse Collar
24:22 Elite Skirmisher
27:48 Padded Archer Armor
33:36 Bodkin Arrow
tranducnhan15
9:09 Loom
11:34 Feudal Age
19:47 Castle Age
18:40 Double-Bit Axe
19:26 Horse Collar
21:21 Forging
23:33 Scale Barding Armor
24:18 Bloodlines
28:15 Wheelbarrow
28:35 Heavy Plow
29:45 Hand Cart
31:17 Bow Saw
30:58 Gold Mining
32:29 Stone Mining
36:32 Chain Barding Armor
37:50 Iron Casting
绵绵
6:32 Loom
8:57 Feudal Age
9:47 Double-Bit Axe
19:26 Castle Age
17:44 Fletching
17:40 Horse Collar
17:54 Fletching
18:48 Padded Archer Armor
19:39 Wheelbarrow
20:04 Bodkin Arrow
21:56 Leather Archer Armor
21:38 Town Watch
27:48 Bow Saw
31:13 Heavy Plow
31:06 Gold Mining
35:38 Imperial Age
34:23 Ballistics
34:37 Hand Cart
35:20 Gold Mining
35:20 Stone Mining
36:56 Ring Archer Armor
Connection lost

Rejoining the realm…

Still unreachable

The connection could not be restored.

Session expired

The server has moved on; the page needs a fresh start.